 Dungeon Crawl Stone Soup version 0.29-a0-925-g0a7a3d12f8 (webtiles) character file.

Game seed: 17318899003038855206

1177 wingedge the Sneak (level 8, -6/55 HPs)
             Began as an Octopode Brigand on July 28, 2022.
             Was a Follower of Wu Jian.
             Mangled by a hornet (15 damage)
             ... on level 6 of the Dungeon.
             The game lasted 00:22:37 (5990 turns).

wingedge the Sneak (Octopode Brigand)               Turns: 5990, Time: 00:22:37

Health: -6/55      AC:  1    Str: 12    XL:     8   Next: 41%
Magic:  10/11      EV: 14    Int: 14    God:    Wu Jian [*.....]
Gold:   328        SH:  5    Dex: 13    Spells: 5/11 levels left

rFire   . . .      SeeInvis .     - Unarmed
rCold   . . .      Faith    .   (no shield)
rNeg    . . .      Spirit   .   (helmet currently unavailable)
rPois   .          Reflect  +   s - amulet of reflection
rElec   .          Harm     .   p - ring of resist corrosion
rCorr   +          Rampage  .   (no ring)
Will    .....                   (no ring)
Stlth   ++++......              (no ring)
HPRegen 0.18/turn               (no ring)
MPRegen 0.12/turn               (no ring)
                                (no ring)
                                (no ring)

@: appendages, hasted and slowed
A: tentacle spike 3, almost no armour, amphibious, 8 rings, camouflage 1,
gelatinous body 1, (nimble swimmer 1), tentacles
a: End Transformation, Renounce Religion


You were on level 6 of the Dungeon.
You worshipped Wu Jian.
Wu Jian was aware of your devotion.
One of your tentacles had grown a beastly spike.
You visited 2 branches of the dungeon, and saw 7 of its levels.

You collected 328 gold pieces.

Inventory:

Hand Weapons
 a - a +3 dagger of venom
Missiles
 b - 20 poisoned darts
 v - 2 javelins
 w - 2 boomerangs
Armour
 j - an orb of mayhem
Jewellery
 p - a ring of resist corrosion (left tentacle)
 s - an amulet of reflection (around mantle)
Scrolls
 d - 5 scrolls of teleportation
 e - 3 scrolls of vulnerability
 g - 3 scrolls of butterflies
 k - a scroll of fear
 n - a scroll of magic mapping
 o - 2 scrolls of enchant weapon {unknown}
 q - a scroll of immolation {unknown}
Potions
 h - a potion of mutation
 i - a potion of brilliance
 l - 2 potions of lignification
 m - a potion of degeneration {unknown}
 r - a potion of curing
 t - 2 potions of flight {unknown}
 u - a potion of might


   Skills:
 * Level 5.3 Fighting
 - Level 2.0 Short Blades
 - Level 2.0 Throwing
 + Level 3.6 Dodging
 + Level 6.6 Stealth
 * Level 4.7 Unarmed Combat
 + Level 2.0 Spellcasting
 * Level 3.5 Transmutations
 + Level 1.4 Poison Magic


You had 5 spell levels left.
You knew the following spells:

 Your Spells              Type           Power      Damage    Failure   Level
a - Beastly Appendage     Tmut           22%        N/A       5%          1
b - Wereblood             Tmut           11%        N/A       9%          2
c - Spider Form           Tmut/Pois      8%         N/A       26%         3

Your spell library contained the following spells:

 Spells                   Type           Power      Damage    Failure   Level
 Magic Dart               Conj           4%         1d3       24%         1
 Searing Ray              Conj           2%         2d4       34%         2
 Fulminant Prism          Conj/Hex       0%         3d6       93%         4


Dungeon Overview and Level Annotations

Branches:
Dungeon (6/15)             Temple (1/1) D:4

Altars:
Ashenzari
Elyvilon
Fedhas
Nemelex Xobeh
Okawaru
Qazlal
Sif Muna
Trog
Wu Jian
Xom
Yredelemnul
The Shining One

Shops:
D:2 (=


Innate Abilities, Weirdness & Mutations

One of your tentacles has grown a beastly spike.
You cannot wear most types of armour.
You are amphibious.
You can wear up to eight rings at the same time.
Your skin changes colour to match your surroundings (Stealth+).
Your rubbery body absorbs attacks. (AC +1, EV +1)
((You are camouflaged when in or above water. (Stealth+)))
You have tentacles for arms and can constrict up to eight enemies at once.


Message History

Confirm with . or Enter, or press ? or * to list all spells.
Okay, then.
One of your tentacles grows a vicious spike.
The hornet closely misses you.
You miss the hornet. Your grab misses the hornet.
Your tentacle spike misses the hornet.
You tentacle-slap the hornet.
The hornet is lightly wounded.
The hornet stings you.
You feel yourself slow down.
You closely miss the hornet. You grab the hornet.
Your squeeze misses the hornet.
The hornet is lightly wounded.
You feel yourself speed up.
You constrict the hornet. The hornet closely misses you.
You closely miss the hornet.
Your tentacle spike misses the hornet.
You squeeze the hornet, but do no damage.
The hornet is lightly wounded.
You constrict the hornet. The hornet stings you!
You feel yourself slow down.
You tentacle-slap the hornet but do no damage.
You squeeze the hornet.
The hornet is lightly wounded.
You constrict the hornet. The hornet stings you!
You feel as though you will be slow longer.
The hornet barely misses you.
You tentacle-slap the hornet. You squeeze the hornet.
The hornet is heavily wounded.
You constrict the hornet. The hornet stings you!
You suddenly lose the ability to move!
You lose your grip on the hornet.
The hornet stings you.
You are poisoned.
You feel as though you will be slow longer.
The hornet stings you!
* * * LOW HITPOINT WARNING * * *
You feel as though you will be slow longer.
You can move again.
You feel better. The hornet stings you!
* * * LOW HITPOINT WARNING * * *
You are lethally poisoned!
You feel as though you will be slow longer.
You feel better. The hornet misses you. The hornet stings you!
You die...

#. #...#......##.
#.###..##...#####..##.
.....................[
............#####..##.
.......#..# #..##.
...#..#..#####..##.
#######.#........##.....
.......y.#....##.##.####
#....@......<..##.#
#.....#.##...####.#
#.............# #.#
#.........#...####.####
#.........#........)...
#.#####...########.####
#. #.... #.# # #....#
#.# #. #.#


You could see a hornet.

Vanquished Creatures
  Sigmund (D:6)
  A water moccasin (D:6)
  An orc warrior (D:6)
  An ice beast (D:5)
  An ogre (D:4)
  3 scorpions
  2 hounds (D:4)
  A jelly (D:6)
  An orc priest (D:5)
  2 iguanas (D:4)
  An orc wizard (D:6)
  8 gnolls
  10 adders
  2 ufetubi (D:4)
  2 worms (D:2)
  4 dart slugs
  7 orcs
  9 ball pythons
  7 bats
  6 endoplasms
  2 giant cockroaches
  6 goblins
  8 hobgoblins
  10 kobolds
  5 quokkas
  4 frilled lizards
  7 rats
112 creatures vanquished.

Vanquished Creatures (collateral kills)
  A frilled lizard (D:2)
1 creature vanquished.

Vanquished Creatures (others)
  A gnoll (D:6)
1 creature vanquished.

Grand Total: 114 creatures vanquished

Notes
Turn   | Place    | Note
-------+----------+-------------------------------------------
     0 | D:1      | wingedge the Octopode Brigand began the quest for the Orb.
     0 | D:1      | Reached XP level 1. HP: 14/14 MP: 1/1
   267 | D:1      | Reached XP level 2. HP: 19/19 MP: 2/2
   372 | D:1      | Reached skill level 1 in Unarmed Combat
   632 | D:1      | Found a faded altar of an unknown god.
   782 | D:1      | Reached XP level 3. HP: 25/25 MP: 3/3
   998 | D:2      | Found Arruphac's Antique Weapon Emporium.
  1370 | D:2      | Found Valebog's Jewellery Shop.
  1384 | D:2      | Reached XP level 4. HP: 31/31 MP: 4/4
  1986 | D:3      | Noticed a scorpion
  1989 | D:3      | Killed a scorpion
  1990 | D:3      | Reached XP level 5. HP: 36/36 MP: 5/5
  2244 | D:3      | Learned a level 2 spell: Wereblood
  2991 | D:4      | Reached skill level 1 in Transmutations
  2991 | D:4      | Reached XP level 6. HP: 43/43 MP: 1/6
  3481 | D:4      | Found a staircase to the Ecumenical Temple.
  3490 | Temple   | Entered the Ecumenical Temple
  3541 | Temple   | Became a worshipper of the Wu Jian Council
  3613 | D:4      | Reached skill level 1 in Spellcasting
  3613 | D:4      | Reached XP level 7. HP: 49/49 MP: 8/8
  3844 | D:4      | Reached skill level 6 in Stealth
  3915 | D:4      | Found a bloodstained altar of Trog.
  4465 | D:5      | Entered Level 5 of the Dungeon
  4525 | D:5      | Found a white marble altar of Elyvilon.
  5284 | D:6      | Learned a level 1 spell: Beastly Appendage
  5312 | D:6      | Reached XP level 8. HP: 23/54 MP: 8/10
  5546 | D:6      | Noticed Sigmund
  5550 | D:6      | Killed Sigmund
  5551 | D:6      | Reached skill level 5 in Fighting
  5551 | D:6      | Reached skill level 1 in Poison Magic
  5556 | D:6      | Learned a level 3 spell: Spider Form
  5636 | D:6      | Reached * piety under Wu Jian
  5976 | D:6      | Noticed a hornet
  5987 | D:6      | Paralysed by a hornet for 2 turns
  5989 | D:6      | HP: 1/55 [hornet (14)]
  5990 | D:6      | Mangled by a hornet

Illustrated notes

Levels and vault maps discovered:
D:1:      dpeg_arrival_ternary, layout_loops_ring,
          shapermc_ecumenical_altar_pompeii, nicolae_kite_square_tiling_tiny
D:2:      layout_rooms, serial_shops, shop, nicolae_shop_stone
D:3:      layout_basic, minmay_misc_feat_pillars
D:4:      minmay_bubble_buster, layout_loops_corners, general_overflow_altar,
          minmay_temple_entry_poolview
D:5:      nicolae_cairo_tiling, layout_loops_ring, mainiacjoe_overflow_24_doors
D:6:      layout_basic, mainiacjoe_overflow_paths, uniq_sigmund
Temple:   bh_familiar_temple

Skill      XL: |  1  2  3  4  5  6  7  8 |
---------------+-------------------------+-----
Unarmed Combat | 1 2 3 4 |  4.7
Fighting       | 3 4 5 |  5.3
Dodging        | 2 3 |  3.6
Transmutations | 1 3 |  3.5
Spellcasting   | 1 2 |  2.0
Stealth        | 6 |  6.6
Poison Magic   | 1 |  1.4
Short Blades   | |  2.0
Throwing       | |  2.0

Action                   |  1- 3 |  4- 6 |  7- 9 || total
-------------------------+-------+-------+-------++-------
Melee: Dagger            |    52 |    81 |    36 ||   169
       Constrict         |    13 |    17 |    22 ||    52
       Tentacles         |     8 |    20 |    18 ||    46
       Punch             |       |     4 |     5 ||     9
       Unarmed           |       |       |    49 ||    49
       Kick              |       |       |    11 ||    11
Throw: Dart              |    16 |    10 |       ||    26
       Javelin           |       |       |     1 ||     1
 Cast: Wereblood         |       |     3 |     4 ||     7
       Beastly Appendage |       |       |     4 ||     4
Invok: Lunge             |       |       |    16 ||    16
  Use: Potion            |     1 |     1 |     4 ||     6
       Scroll            |       |       |    11 ||    11
 Stab: Sleeping          |     9 |    10 |    13 ||    32
       Distracted        |       |       |     1 ||     1
Armor: Skin              |     5 |     4 |     2 ||    11
Dodge: Dodged            |    21 |    33 |    37 ||    91
Block: Other             |       |       |     5 ||     5

Table legend: (Time is in decaauts)
 A = Elapsed time spent in this place.
 B = Non-inter-level travel time spent in this place.
 C = Inter-level travel time spent in this place.
 D = Time resting spent in this place.
 E = Time spent auto-exploring this place.
 F = Levels seen in this place.
 G = Mean time per level.
                   A        B        C        D        E       F      G
               +--------+--------+--------+--------+--------+-----+--------+
         Total |   5958 |   5805 |    153 |   1135 |   3305 |   7 |  851.1 |
       Dungeon |   5881 |   5752 |    129 |   1135 |   3261 |   6 |  980.2 |
        Temple |     76 |     52 |     24 |      0 |     44 |   1 |   76.0 |
               +--------+--------+--------+--------+--------+-----+--------+

Top non-repeatable levels by time:
     D:4: 1482 daAuts
     D:1: 1268 daAuts
     D:3: 1152 daAuts
     D:5: 807 daAuts
     D:6: 706 daAuts
     D:2: 464 daAuts
  Temple: 76 daAuts
